 Dungeon Crawl Stone Soup version 0.24-a0-582-g4d4af813a0 (webtiles) character file.

Game seed: 15006602457842282308

162 Eightlegvermin the Ruffian (level 5, -4/40 HPs)
             Began as a Draconian Transmuter on Aug 26, 2019.
             Killed by nerve-wracking pain
             ... invoked by Grinder
              (6 damage)
             ... on level 3 of the Dungeon.
             The game lasted 00:09:42 (2174 turns).

Eightlegvermin the Ruffian (Draconian Transmuter)   Turns: 2174, Time: 00:09:42

Health: -4/40      AC:  2    Str: 13    XL:     5   Next: 19%
Magic:  1/8        EV: 20    Int: 14    God:
Gold:   205        SH:  0    Dex: 16    Spells: 2/8 levels left

rFire    . . .     SeeInvis .     - Unarmed
rCold    . . .     Gourm    .   (shield currently unavailable)
rNeg     . . .     Faith    .   (armour unavailable)
rPois    x         Spirit   .   (helmet currently unavailable)
rElec    .         Reflect  .   (cloak currently unavailable)
rCorr    .         Harm     .   (gloves currently unavailable)
MR       .....     Rnd*Tele +   (boots currently unavailable)
Stlth    +.........             (no amulet)
HPRegen  0.13/turn              g - ring of teleportation
MPRegen  0.11/turn              l - ring of flight

@: spider-form (expiring), very slightly contaminated
A: tiny, unfitting armour, AC +5
a: End Transformation, Evoke Flight


You were on level 3 of the Dungeon.
You were very hungry.
You were a venomous arachnid creature.
You visited 1 branch of the dungeon, and saw 3 of its levels.

You collected 205 gold pieces.

Inventory:

Hand Weapons
 r - a +3 battleaxe of flaming
Missiles
 a - 68 arrows
Jewellery
 g - a ring of teleportation (left front leg)
 l - a ring of flight (right front leg)
Wands
 b - a wand of random effects (19)
Scrolls
 e - a scroll of remove curse
 h - 2 scrolls of identify
 m - a scroll of fear
 n - a scroll of teleportation
Potions
 d - a potion of might {unknown}
 f - a potion of mutation {unknown}
 i - a potion of heal wounds {unknown}
 k - a potion of flight {unknown}
 p - a potion of cancellation {unknown}
 q - a potion of agility {unknown}
Comestibles
 c - 8 rations
 j - 4 chunks of flesh


   Skills:
 - Level 1.1 Fighting
 + Level 2.7 Dodging
 * Level 4.8 Unarmed Combat
 - Level 2.1 Spellcasting
 + Level 3.1 Transmutations


You had 2 spell levels left.
You knew the following spells:

 Your Spells              Type           Power        Failure   Level  Hunger
a - Beastly Appendage     Tmut           ##....       19%         1    ##.....
b - Sticks to Snakes      Tmut           ##......     24%         2    ###....
c - Spider Form           Tmut/Pois      #.........   58%         3    ####...

Your spell library contained the following spells:

 Spells                   Type           Power        Failure   Level  Hunger
 Ice Form                 Ice/Tmut       #.......     90%         4    #####..
 Blade Hands              Tmut           ##........   96%         5    ######.


Dungeon Overview and Level Annotations

Branches:
Dungeon (3/15)

Altars:
Cheibriados

Annotations:
D:3 Grinder


Innate Abilities, Weirdness & Mutations

((Your plain brown scales are hard. (AC +5)))
You cannot fit into any form of body armour.
((You are cold-blooded and may be slowed by cold attacks.))


Message History

Grinder blinks!
You can move again.
Grinder hits you.
You hit Grinder.
Grinder is severely wounded.
You barely miss Grinder.
Grinder is severely wounded.
Grinder hits you!
You writhe in agony.
You hit Grinder.
Grinder is poisoned.
Grinder is severely wounded.
Grinder misses you. Grinder gestures at you. Pain shoots through your body!
* * * LOW HITPOINT WARNING * * *
Grinder says, "There's only one good use for a tongue: cutting it out."
Grinder gestures at you.
You barely resist. Grinder gestures at you. Pain shoots through your body!
You die...

# #..#...## #.# #
##.#....# #.#
#####.#..#.## #.#
....#...##...####.#
....#...# ##..#...#
....#...# #...###
.......## ###.##
.......## ####..#
........## #....s#
...<.....###.....#
....#.....##...[.##
.)..##.#..........#
....#..........5#.#
#####.######....#.#
####.# #....#..
##....# #....##..
...#### ###### #..


You could see Grinder.

Vanquished Creatures
  Terence (D:3)
  7 adders
  A worm (D:3)
  2 dart slugs
  2 leopard geckos
  3 orcs (D:3)
  9 bats
  4 giant cockroaches
  10 goblins
  5 hobgoblins
  5 kobolds
  2 quokkas (D:3)
  3 frilled lizards
  A leopard gecko skeleton (D:3)
  12 rats
67 creatures vanquished.

Notes
Turn   | Place    | Note
-------+----------+-------------------------------------------
     0 | D:1      | Eightlegvermin the Draconian Transmuter began the quest for
                  | the Orb.
     0 | D:1      | Reached XP level 1. HP: 16/16 MP: 3/3
    86 | D:1      | Reached XP level 2. HP: 9/23 MP: 5/5
   314 | D:1      | Learned a level 2 spell: Sticks to Snakes
   731 | D:2      | Reached XP level 3. HP: 28/28 MP: 4/6
   736 | D:2      | Learned a level 3 spell: Spider Form
   993 | D:2      | Reached skill level 4 in Unarmed Combat
  1173 | D:2      | Found a snail-covered altar of Cheibriados.
  1331 | D:2      | Reached XP level 4. HP: 32/35 MP: 5/7
  1863 | D:3      | Noticed Terence
  1935 | D:3      | Killed Terence
  1935 | D:3      | Reached XP level 5. HP: 40/40 MP: 4/8
  2123 | D:3      | Noticed Grinder
  2157 | D:3      | Paralysed by Grinder for 2 turns
  2162 | D:3      | Paralysed by Grinder for 6 turns
  2172 | D:3      | HP: 2/40 [Grinder/nerve-wracking pain (11)]
  2174 | D:3      | Killed from afar by Grinder

Levels and vault maps discovered:
D:1:      mrwooster_arrival_arrow, layout_basic, minmay_tetromino_l4
D:2:      layout_rooms, nicolae_overflow_crystal_walls
D:3:      layout_rooms, uniq_terence, uniq_grinder

Skill      XL: |  1  2  3  4 |
---------------+-------------+-----
Dodging        | 2 |  2.7
Unarmed Combat | 4 |  4.8
Transmutations | 3 |  3.1
Fighting       | |  1.1
Spellcasting   | |  2.1

Action                   |  1- 3 |  4- 6 || total
-------------------------+-------+-------++-------
Melee: Unarmed           |   117 |   116 ||   233
       Tailslap          |     8 |     3 ||    11
       Kick              |     4 |     8 ||    12
       Punch             |     1 |     1 ||     2
       Headbutt          |     1 |       ||     1
 Cast: Beastly Appendage |    11 |     9 ||    20
       Spider Form       |     1 |     4 ||     5
       Sticks to Snakes  |       |     1 ||     1
  Use: Scroll            |       |     8 ||     8
  Eat: Chunk             |     2 |     3 ||     5
Armor: Skin              |    33 |    22 ||    55
Dodge: Dodged            |    90 |    77 ||   167

Table legend:
 A = Non-vault XP
 B = Vault XP
 C = Vault XP percentage of total XP
 D = Non-vault monster count
 E = Vault monster count
 F = Vault count percentage of total count
                 A         B        C        D         E       F
            +---------+---------+-------+---------+---------+-------
      Total |     191 |      41 |  17.7 |      63 |       4 |   6.0
            +---------+---------+-------+---------+---------+-------
        D:1 |      33 |       5 |  13.2 |      18 |       3 |  14.3
        D:2 |      73 |       0 |   0.0 |      19 |       0 |   0.0
        D:3 |      85 |      36 |  29.8 |      26 |       1 |   3.7
            +---------+---------+-------+---------+---------+-------
